 Dungeon Crawl Stone Soup version 0.20-a0-269-g17f5411 (webtiles) character file.

18 Jeebs the Sneak (level 2, 0/19 HPs)
             Began as a Vampire Enchanter on Dec 8, 2016.
             Slain by Terence
             ... wielding a +2 mace of pain
              (3 damage)
             ... on level 2 of the Dungeon.
             The game lasted 00:16:02 (1216 turns).

Jeebs the Sneak (Vampire Enchanter)                 Turns: 1216, Time: 00:16:03

Health: 0/19       AC:  3    Str:  7    XL:     2   Next: 51%
Magic:  5/5        EV: 13    Int: 17    God:
Gold:   72         SH:  0    Dex: 16    Spells: 4/5 levels left

rFire  . . .     SeeInvis +     a - +1 dagger
rCold  . . .     Gourm    .     b - +1 robe
rNeg   + . .     Faith    .     (no shield)
rPois  .         Spirit   .     (no helmet)
rElec  .         Reflect  .     (no cloak)
rCorr  .         Harm     .     (no gloves)
MR     .....                    (no boots)
Stlth  +++.......               (no amulet)
                                (no ring)
                                (no ring)

@: no status effects
A: fangs 3, see invisible, agile 1, unbreathing
a: no special abilities


You were on level 2 of the Dungeon.
You were not thirsty.

You visited 1 branch of the dungeon, and saw 2 of its levels.

You collected 72 gold pieces.

Inventory:

Hand Weapons
 a - a +1 dagger (weapon)
 e - a +0 club
 f - a +0 hunting sling
 l - a +4 dagger
 n - a +0 club
 r - a +0 dagger
Missiles
 d - 47 stones (quivered)
Armour
 b - a +1 robe (worn)
 g - a +0 leather armour
 h - a +0 robe
 i - a cursed -1 leather armour
 j - a +0 ring mail
 k - a +0 chain mail
Scrolls
 t - a scroll of fog {unknown}
 u - a scroll of identify {unknown}
Potions
 q - a potion of curing {unknown}
 s - a potion of invisibility {unknown}
Books
 c - a book of Maledictions

   Spells                             Type                      Level
   a - Corona                         Hexes                        1
   b - Ensorcelled Hibernation        Hexes/Ice                    2
   c - Confuse                        Hexes                        3
   d - Tukima's Dance                 Hexes                        3
   e - Dazzling Spray                 Conjuration/Hexes            3
Comestibles
 m - a meat ration


   Skills:
 + Level 0.1 Fighting
 + Level 1.7 Short Blades
 + Level 2.3 Dodging
 + Level 5.0 Stealth
 + Level 2.0 Spellcasting
 + Level 4.6 Hexes


You had 4 spell levels left.
You knew the following spells:

 Your Spells              Type           Power        Failure   Level  Hunger
a - Corona                Hex            ###....      2%          1    #......


Dungeon Overview and Level Annotations

Branches:
Dungeon (2/15)

Altars:

Annotations:
D:2 Terence


Innate Abilities, Weirdness & Mutations

You have razor-sharp teeth.
You have supernaturally acute eyesight. (SInv)
You can survive without breathing.
You are agile. (Dex +2)


Message History

Terence barely misses you.
It was a potion of cancellation.
You feel magically purged.
You barely miss Terence.
Terence is heavily wounded.
Terence completely misses you.
You hit Terence but do no damage.
Terence is heavily wounded.
Terence hits you but does no damage.
You hit Terence but do no damage.
Terence is heavily wounded.
Terence barely misses you.
You closely miss Terence.
Terence is moderately wounded.
You hit Terence but do no damage.
Terence is moderately wounded.
Terence closely misses you.
You hit Terence.
Terence is heavily wounded.
Terence hits you with a mace of pain.
You die...

............ ...##+
...............
.....##........####... .
#.............. #...
..#............######...
...............#....#...
##.....(..##...#....#...
.......@..##............
.......@..##............
....$...................
..#.....................
#.....................
#.............#####...
#.............# #...
...............# ....
................# ...
.......[........# .


You could see Terence.

Vanquished Creatures
  A dart slug (D:1)
  A leopard gecko (D:1)
  2 goblins (D:1)
  2 hobgoblins (D:1)
  A ball python (D:2)
  2 bats
  2 frilled lizards (D:1)
  3 kobolds (D:1)
  2 rats (D:1)
16 creatures vanquished.

Notes
Turn   | Place    | Note
-------+----------+-------------------------------------------
     0 | D:1      | Jeebs the Vampire Enchanter began the quest for the Orb.
     0 | D:1      | Reached XP level 1. HP: 13/13 MP: 3/3
   348 | D:1      | Learned a level 1 spell: Corona
   705 | D:1      | Reached XP level 2. HP: 14/19 MP: 5/5
   717 | D:1      | Reached skill level 5 in Stealth
   863 | D:1      | Gained mutation: You are agile. (Dex +2) [potion of beneficial mutation]
  1197 | D:2      | Noticed Terence
  1216 | D:2      | Slain by Terence

Vault maps used:
D:1:      dpeg_arrival_lava_altar, minmay_bisected
D:2:      first_bread, dk_noncrumbling_2, uniq_terence

Skill      XL: |  1  2 |
---------------+-------+-----
Stealth        | 5 |  5.0
Fighting       | |  0.1
Short Blades   | |  1.7
Dodging        | |  2.3
Spellcasting   | |  2.0
Hexes          | |  4.6

Action                   || total
-------------------------++-------
Melee: Dagger            ||    67
       Bite              ||     5
  Use: Scroll            ||     7
       Potion            ||     4
 Stab: Sleeping          ||     1
Armor: Robe              ||    26
Dodge: Dodged            ||    53
